 Dungeon Crawl Stone Soup version 0.30.1-9-gdf580d7c3d (webtiles) character file.

Game seed: 6076595841570541599

126 growler the Gusty (level 5, -3/28 HPs)
             Began as a Tengu Air Elementalist on Oct 19, 2023.
             Slain by a sleepcap (21 damage)
             ... on level 4 of the Dungeon.
             The game lasted 00:09:28 (3841 turns).

growler the Gusty (Tengu Air Elementalist)          Turns: 3841, Time: 00:09:29

Health: -3/28      AC:  2    Str:  9    XL:     5   Next: 10%
Magic:  2/10       EV:  2    Int: 17    God:
Gold:   155        SH:  0    Dex: 14    Spells: 0/10 levels left

rFire   . . .        (no weapon)
rCold   . . .        (no shield)
rNeg    . . .        a - +0 robe
rPois   .            (helmet restricted)
rElec   .            (no cloak)
rCorr   .            (no gloves)
SInv    .            (boots unavailable)
Will    .....        (no amulet)
Stlth   ++           (no ring)
HPRegen 0.24/turn    (no ring)
MPRegen 0.12/turn

%: no passive effects
@: sleeping, flying quickly and evasively, very slightly contaminated, quick
A: beak, talons 3, nimble flight
a: no special abilities


You were on level 4 of the Dungeon.
You visited 1 branch of the dungeon, and saw 4 of its levels.

You collected 155 gold pieces.

Inventory:

Armour
 a - a +0 robe (worn)
Jewellery
 n - an amulet of regeneration
Wands
 o - a wand of polymorph (6)
Scrolls
 c - a scroll of poison
 f - a scroll of teleportation {unknown}
 g - a scroll of blinking
 k - a scroll of amnesia {unknown}
 l - a scroll of enchant armour {unknown}
 m - a scroll of noise {unknown}
Potions
 b - a potion of magic
 d - a potion of attraction
 e - 2 potions of heal wounds {unknown}
 h - 2 potions of mutation {unknown}
 i - 2 potions of haste {unknown}
 j - a potion of flight


   Skills:
 - Level 2.1 Dodging
 - Level 2.0 Stealth
 + Level 3.1 Spellcasting
 + Level 3.7 Conjurations
 + Level 5.4 Air Magic


You couldn't memorise any spells.
You knew the following spells:

 Your Spells              Type           Power      Damage    Failure   Level
a - Shock                 Conj/Air       72%        1d7       2%          1
b - Static Discharge      Conj/Air       36%        2-4/arc   4%          2
c - Swiftness             Air            21%        N/A       5%          3
d - Airstrike             Air            10%        2d(2-18)  19%         4

Your spell library contained the following spells:

 Spells                   Type           Power      Damage    Failure   Level
 Apportation              Tloc           4%         N/A       17%         1
 Blink                    Tloc           4%         N/A       26%         2
 Manifold Assault         Tloc           2%         N/A       86%         4
 Alistair's Intoxication  Tmut/Pois      1%         N/A       99%         5
 Storm Form               Tmut/Air       5%         N/A       100%        7


Dungeon Overview and Level Annotations

Branches:
Dungeon (4/15)
 Temple: D:4-7

Altars:


Innate Abilities, Weirdness & Mutations

You have a beak for a mouth.
You have claws for feet.
Your magical nature lets you fly swiftly and evasively.


Message History

You start resting.
Magic restored.
Search for what [? for help]? dagg Partly explored, can't reach some places.
You start waiting.
Done waiting.
There is a stone staircase leading up here.
A sleepcap comes into view.
The zap hits the sleepcap.
The sleepcap is moderately damaged.
The zap hits the sleepcap.
The sleepcap is moderately damaged.
Casting: Shock (safe; 2% risk of failure)
Confirm with . or Enter, or press ? or * to list all spells.
The sleepcap is struck by an arc of lightning.
The sleepcap is heavily damaged.
You are struck by an arc of lightning.
The sleepcap is struck by an arc of lightning.
The sleepcap is severely damaged.
You are struck by an arc of lightning.
The lightning grounds out.
The sleepcap completely misses you.
Casting: Static Discharge (safe; 4% risk of failure)
Confirm with . or Enter, or press ? or * to list all spells.
The sleepcap is struck by an arc of lightning.
The sleepcap is severely damaged.
You are struck by an arc of lightning.
The sleepcap is struck by an arc of lightning.
The sleepcap is almost destroyed.
You are struck by an arc of lightning.
The lightning grounds out.
The sleepcap misses you.
Casting: Static Discharge (safe; 4% risk of failure)
Confirm with . or Enter, or press ? or * to list all spells.
You miscast Static Discharge.
You are very lightly contaminated with residual magic.
Nothing appears to happen.
The sleepcap releases spores at you.
You are engulfed in a cloud of soporific spores!
You fall asleep.
The sleepcap releases spores at you!!
Ouch! That really hurt!
You die...

#..........#.....#
#..........#.....#
#.####.#...#.....#
.. ...###...#####
. .### ##..#
#...## #.#..##
#.##..## #. ##.@#
#. ##f# ....
....... ........#
#........#
#........#
##########


You could see a sleepcap.

Vanquished Creatures
  2 adders
  3 gnolls (D:3)
  A worm (D:2)
  A dart slug (D:1)
  6 orcs (D:3)
  7 endoplasms
  5 giant cockroaches
  2 goblins
  6 hobgoblins
  9 kobolds
  4 quokkas
  6 ball pythons
  7 bats
  3 frilled lizards
  5 rats
67 creatures vanquished.

Notes
Turn   | Place    | Note
-------+----------+-------------------------------------------
     0 | D:1      | growler the Tengu Air Elementalist began the quest for the
                  | Orb.
     0 | D:1      | Reached XP level 1. HP: 10/10 MP: 4/4
   300 | D:1      | Reached XP level 2. HP: 15/15 MP: 0/6
   303 | D:1      | Learned a level 2 spell: Static Discharge
   815 | D:1      | Reached XP level 3. HP: 19/19 MP: 5/7
   819 | D:1      | Learned a level 3 spell: Swiftness
  1856 | D:2      | Reached XP level 4. HP: 24/24 MP: 0/9
  2750 | D:3      | Reached skill level 5 in Air Magic
  3281 | D:3      | Gained mutation: Your magical nature lets you fly swiftly
                  | and evasively. [Tengu growth]
  3281 | D:3      | Reached XP level 5. HP: 10/28 MP: 2/10
  3372 | D:3      | Learned a level 4 spell: Airstrike
  3841 | D:4      | Slain by a sleepcap

Illustrated notes

Levels and vault maps discovered:
D:1:      minmay_arrival_nine_rooms, layout_loops_cross, st_stairs_11,
          minmay_hedge_maze, corexii_corridor_pit, minmay_ruptured
D:2:      layout_loops_corners, nrook_loot_triangle
D:3:      layout_loops_corners
D:4:      layout_rooms

Skill      XL: |  1  2  3  4 |
---------------+-------------+-----
Conjurations   | 2 3 |  3.7
Air Magic      | 5 |  5.4
Spellcasting   | 3 |  3.1
Dodging        | |  2.1
Stealth        | |  2.0

Action                     |  1- 3 |  4- 6 || total
---------------------------+-------+-------++-------
  Melee: Unarmed           |     4 |     1 ||     5
         Peck              |     2 |       ||     2
         Kick              |     1 |       ||     1
   Cast: Shock             |    87 |    52 ||   139
         Static Discharge  |       |     3 ||     3
    Use: Scroll            |       |     4 ||     4
 Armour: Robe              |       |     2 ||     2
  Dodge: Dodged            |     7 |    10 ||    17
